 Dungeon Crawl Stone Soup version 0.31-a0-1570-g93c622d222 (webtiles) character file.

Game seed: 12382406122931729330

158 olourkin the Caller (level 5, -1/28 HPs)
             Began as a Vampire Summoner on Jan 4, 2024.
             Slain by a bullfrog (5 damage)
             ... in a sewer.
             The game lasted 00:15:30 (2629 turns).

olourkin the Caller (Vampire Summoner)              Turns: 2629, Time: 00:15:31

Health: -1/28      AC:  2    Str:  7    XL:     5   Next: 16%
Magic:  6/8        EV: 12    Int: 20    God:
Gold:   116        SH:  0    Dex: 14    Spells: 2/8 levels left

rFire   . . .        g - +0 dagger
rCold   + + .        (no shield)
rNeg    + + +        a - +0 robe
rPois   ∞            (no helmet)
rElec   .            (no cloak)
rCorr   .            (no gloves)
SInv    +            (no boots)
Will    .....        (no amulet)
Stlth   +++++        (no ring)
HPRegen 0.00/turn    (no ring)
MPRegen 0.11/turn

%: no passive effects
@: very slightly contaminated, bloodless, inhibited regen, inugami summoned
A: bloodless, fangs 3, see invisible, vampiric 2
a: Bat Form, Revivify


You were in a sewer.
You visited 1 branch of the dungeon, and saw 3 of its levels.
You also visited: Sewer.

You collected 116 gold pieces.

Inventory:

Hand Weapons
 g - a +0 dagger (weapon)
 k - a +0 sling
Missiles
 h - 19 stones
Armour
 a - a +0 robe (worn)
Scrolls
 c - 3 scrolls of enchant weapon {unknown}
 d - a scroll of fear {unknown}
 e - a scroll of identify {unknown}
 f - a scroll of amnesia {unknown}
 j - a scroll of revelation {unknown}
 o - a scroll of teleportation {unknown}
 q - a scroll of fog {unknown}
Potions
 i - a potion of berserk rage {unknown}
 l - 2 potions of invisibility {unknown}
 m - a potion of lignification {unknown}
 n - a potion of heal wounds {unknown}
 p - a potion of cancellation {unknown}
 r - a potion of resistance {unknown}


   Skills:
 - Level 2.1 Dodging
 + Level 5.5 Stealth
 - Level 2.0 Spellcasting
 * Level 5.7 Summonings


You had 2 spell levels left.
You knew the following spells:

 Your Spells              Type           Power      Damage    Failure   Level
a - Call Imp              Summ           50%        N/A       2%          2
y - Call Canine Familiar  Summ           25%        N/A       4%          3
z - Summon Small Mammal   Summ           100%       N/A       1%          1

Your spell library contained the following spells:

 Spells                   Type           Power      Damage    Failure   Level
 Necrotise                Necr           8%         1d4       16%         1
 Vampiric Draining        Necr           2%         2d6       43%         3
 Martyr's Knell           Necr/Summ      13%        N/A       43%         4
 Summon Blazeheart Golem  Fire/Summ      13%        N/A       43%         4
 Summon Lightning Spire   Summ/Air       13%        N/A       43%         4
 Curse of Agony           Necr           2%         N/A       99%         5


Dungeon Overview and Level Annotations

Branches:
Dungeon (3/15)              Sewer (1/1)

Altars:

Annotations:
D:2 Jessica


Innate Abilities, Weirdness & Mutations

You do not regenerate when monsters are visible.
You are frail without blood (-20% HP).
You can heal yourself when you bite living creatures.
You are immune to poison.
You have razor-sharp teeth.
You have supernaturally acute eyesight. (SInv)
You are afflicted with vampirism and can become a bat while bloodless.


Message History

Confirm with . or Enter, or press ? or * to list all spells.
You miscast Call Imp.
You are very lightly contaminated with residual magic.
Nothing appears to happen.
The adder bites you but does no damage. The adder closely misses your inugami.
Your bat misses the adder.
The adder bites your inugami but does no damage.
The bullfrog hits you.
* * * LOW HITPOINT WARNING * * *
Your inugami splashes around in the water.
Okay, then.
Magic courses through your body. The adder completely misses you.
The adder bites your inugami but does no damage.
The adder barely misses your inugami. The bullfrog hits you.
* * * LOW HITPOINT WARNING * * *
The adder bites your bat. The adder bites you.
* * * LOW HITPOINT WARNING * * *
The adder bites your inugami.
Your inugami is poisoned.
The adder poisons your inugami! The adder bites your inugami.
The bullfrog hits you.
* * * LOW HITPOINT WARNING * * *
Your inugami splashes around in the water.
Something bites your bat.
Your bat dies!
Your bat's corpse disappears in a puff of smoke!
Casting: Call Imp (safe; 2% risk of failure)
Confirm with . or Enter, or press ? or * to list all spells.
A tiny devil pulls itself out of the air.
The adder completely misses your cerulean imp.
The bullfrog closely misses you. The adder misses you.
The adder bites your inugami but does no damage. x2
Something bites your cerulean imp but does no damage.
Something grabs your cerulean imp.
Your cerulean imp is constricted.
Your inugami barely misses the adder.
The adder bites your cerulean imp. The adder barely misses you.
The adder barely misses your inugami.
The ball python bites your cerulean imp but does no damage.
The ball python constricts your cerulean imp.
The bullfrog hits you.
You die...

####################
###.#~~≈≈≈≈≈≈~hS≈≈~~..
##....≈≈≈≈≈≈~@FSSF≈≈≈..
#.....≈≈~~~~#≈S#S~≈~~..
#.....~~~~≈≈~≈≈5S~~~≈..
##.....≈≈~~~≈≈≈≈≈~≈≈≈~..
#......≈≈≈≈≈≈≈≈≈≈≈≈≈~~#.
#....##################
##.†.#### #....#..#
#....'..#


You could see 2 bullfrogs, 4 adders, 2 ball pythons, a friendly cerulean imp
(summoned) and a friendly inugami (summoned, very poisoned).

Vanquished Creatures
  3 adders
  A jackal (D:1)
  A kobold (D:1)
  A frilled lizard (D:2)
  A rat (Sewer)
7 creatures vanquished.

Vanquished Creatures (collateral kills)
  3 river rats (Sewer)
  5 adders
  An orc (D:2)
  2 bats
  3 endoplasms
  4 giant cockroaches (D:3)
  5 goblins
  6 hobgoblins
  A jackal (D:1)
  4 ball pythons (Sewer)
  4 frilled lizards
  2 kobolds (D:1)
  21 rats (Sewer)
61 creatures vanquished.

Grand Total: 68 creatures vanquished

Notes
Turn   | Place    | Note
-------+----------+-------------------------------------------
     0 | D:1      | olourkin the Vampire Summoner began the quest for the Orb.
     0 | D:1      | Reached XP level 1. HP: 13/13 MP: 3/3
   319 | D:1      | Reached XP level 2. HP: 19/19 MP: 1/5
  1093 | D:2      | Gained mutation: You are afflicted with vampirism and can
                  | become a bat while bloodless. [Vampire growth]
  1093 | D:2      | Reached XP level 3. HP: 20/24 MP: 4/6
  1242 | D:2      | Learned a level 2 spell: Call Imp
  1246 | D:2      | Learned a level 3 spell: Call Canine Familiar
  1458 | D:2      | Noticed Jessica
  1791 | D:3      | Found a glowing drain.
  1849 | D:3      | Reached skill level 5 in Summonings
  1909 | Sewer    | Entered a sewer
  1935 | Sewer    | Reached XP level 4. HP: 24/24 MP: 3/7
  2267 | Sewer    | Reached skill level 5 in Stealth
  2468 | Sewer    | Reached XP level 5. HP: 28/28 MP: 4/8
  2629 | Sewer    | Slain by a bullfrog

Illustrated notes

Levels and vault maps discovered:
D:1:      dpeg_arrival_ternary, layout_loops_ring
D:2:      layout_rooms, kennysheep_jessica_study
D:3:      layout_basic, chequers_ecumenical_altar_simple, gup_sewer_entry_glass
Sewer:    sewer_minmay_w

Skill      XL: |  1  2  3  4 |
---------------+-------------+-----
Stealth        | 4 5 |  5.5
Summonings     | 5 |  5.7
Dodging        | |  2.1
Spellcasting   | |  2.0

Action                     |  1- 3 |  4- 6 || total
---------------------------+-------+-------++-------
  Melee: Dagger            |    35 |    22 ||    57
         Bite              |     4 |     3 ||     7
   Cast: Summon Small Mamm |    53 |    26 ||    79
         Call Imp          |     7 |    15 ||    22
         Call Canine Famil |       |     1 ||     1
Ability: Exsanguinate      |     1 |       ||     1
    Use: Potion            |       |     1 ||     1
   Stab: Distracted        |     2 |       ||     2
         Sleeping          |     1 |       ||     1
 Armour: Robe              |    22 |    19 ||    41
  Dodge: Dodged            |    30 |    19 ||    49

Table legend: (Time is in decaauts)
 A = Elapsed time spent in this place.
 B = Non-inter-level travel time spent in this place.
 C = Inter-level travel time spent in this place.
 D = Time resting spent in this place.
 E = Time spent auto-exploring this place.
 F = Levels seen in this place.
 G = Mean time per level.
                   A        B        C        D        E       F      G
               +--------+--------+--------+--------+--------+-----+--------+
         Total |   2663 |   2614 |     49 |    750 |    997 |   4 |  665.8 |
       Dungeon |   1910 |   1861 |     49 |    347 |    891 |   3 |  636.7 |
         Sewer |    752 |    752 |      0 |    403 |    106 |   1 |  752.0 |
               +--------+--------+--------+--------+--------+-----+--------+

Top non-repeatable levels by time:
     D:1: 1054 daAuts
     D:2: 771 daAuts
   Sewer: 752 daAuts
     D:3: 85 daAuts
